PL
VANCOUVER GREY WOLVES @ ATLANTA SMOKE
08/24/2025
 
TOP OF THE 1ST
Vancouver Grey Wolves batting - Pitching for Atlanta Smoke : RHP Adrián Fierro
Pitching: RHP Adrián Fierro
Batting: LHB David Hubbard 0-0: Ball
1-0: Ball
2-0: Ball
3-0: Base on Balls
Batting: LHB José Alonso 0-0: Ball
1-0: Foul Ball, location: 2F
1-1: Fly out, F8 (Line Drive, 8RXD)
Batting: LHB Héctor Cortéz 0-0: Called Strike
0-1: Called Strike
0-2: Ball
1-2: Ball
2-2: Ball
3-2: SINGLE (Line Drive, 56D)
David Hubbard to second
Batting: LHB Min-heui Im 0-0: SINGLE (Groundball, 34D)
David Hubbard to third
Héctor Cortéz to second
Runner from 3rd tries for Home, SAFE, no throw
Batting: SHB Gregg Wagner 0-0: Called Strike
0-1: Called Strike
0-2: Grounds into double play, 4-6-3 (Groundball, 34)
Top of the 1st over - 1 run(s), 2 hit(s), 0 error(s), 1 left on base; Vancouver 1 - Atlanta 0
BOTTOM OF THE 1ST
Atlanta Smoke batting - Pitching for Vancouver Grey Wolves : RHP Nelle Liefting
Pitching: RHP Nelle Liefting
Batting: LHB Bernardo Elías 0-0: Called Strike
0-1: Ball
1-1: Called Strike
1-2: Foul Ball, location: 2F
1-2: Ball
2-2: Strikes out swinging
Batting: RHB Pedro Morales 0-0: Ball
1-0: Called Strike
1-1: Ball
2-1: Foul Ball, location: 2F
2-2: Foul Ball, location: 2F
2-2: Ball
3-2: Strikes out looking
Batting: LHB Albert Morán 0-0: Swinging Strike
0-1: Ball
1-1: Ball
2-1: Foul Ball, location: 2F
2-2: Ball
3-2: Foul Ball, location: 2F
3-2: Base on Balls
Batting: LHB Ned Durand 0-0: Ball
1-0: Fly out, F8 (Flyball, 8LM)
Bottom of the 1st over - 0 run(s), 0 hit(s), 0 error(s), 1 left on base; Vancouver 1 - Atlanta 0
TOP OF THE 2ND
Vancouver Grey Wolves batting - Pitching for Atlanta Smoke : RHP Adrián Fierro
Batting: LHB Emílio Barbán 0-0: Ball
1-0: Ground out 6-3 (Groundball, 6)
Batting: RHB Tony Farquharson 0-0: Ground out 6-3 (Groundball, 6)
Batting: RHB Danny Walsh 0-0: Ball
1-0: SINGLE (Groundball, 4MD)
Batting: RHB Alfredo Méndez 0-0: Called Strike
0-1: Swinging Strike
0-2: Ball
1-2: Foul Ball, location: 2F
1-2: Foul Ball, location: 2F
1-2: Ball
2-2: Fly out, F7 (Line Drive, 7)
Top of the 2nd over - 0 run(s), 1 hit(s), 0 error(s), 1 left on base; Vancouver 1 - Atlanta 0
BOTTOM OF THE 2ND
Atlanta Smoke batting - Pitching for Vancouver Grey Wolves : RHP Nelle Liefting
Batting: RHB Pancho Salaedo 0-0: Ball
1-0: Ball
2-0: Ball
3-0: Called Strike
3-1: Ground out 4-3 (Groundball, 4)
Batting: LHB Armando Esparza 0-0: Called Strike
0-1: Foul Ball, location: 2F
0-2: Foul Ball, location: 2F
0-2: SINGLE (Line Drive, 4D)
Batting: LHB Willis Baker 0-0: Ball
Wild Pitch!
Armando Esparza to second
1-0: Foul Ball, location: 2F
1-1: Ground out 4-3 (Groundball, 4)
Armando Esparza to third
Batting: RHB Bartolo Morales 0-0: Ball
1-0: Called Strike
1-1: Ball
2-1: Foul Ball, location: 2F
2-2: Ground out 6-3 (Groundball, 6S)
Bottom of the 2nd over - 0 run(s), 1 hit(s), 0 error(s), 1 left on base; Vancouver 1 - Atlanta 0
TOP OF THE 3RD
Vancouver Grey Wolves batting - Pitching for Atlanta Smoke : RHP Adrián Fierro
Batting: LHB David Hubbard 0-0: Ball
1-0: Foul Ball, location: 2F
1-1: Fly out, F8 (Line Drive, 8LM)
Batting: LHB José Alonso 0-0: Ball
1-0: Swinging Strike
1-1: Foul Ball, location: 2F
1-2: Ball
2-2: Ball
3-2: Strikes out swinging
Batting: LHB Héctor Cortéz 0-0: Ball
1-0: Called Strike
1-1: Ball
2-1: Fly out, F7 (Flyball, 7LSF)
Top of the 3rd over - 0 run(s), 0 hit(s), 0 error(s), 0 left on base; Vancouver 1 - Atlanta 0
BOTTOM OF THE 3RD
Atlanta Smoke batting - Pitching for Vancouver Grey Wolves : RHP Nelle Liefting
Batting: RHB Jack Weber 0-0: Ball
1-0: Ball
2-0: Bunt for hit - play at first, batter OUT! 5-3
Batting: LHB Bernardo Elías 0-0: Ball
1-0: Ground out 4-3 (Groundball, 34)
Batting: RHB Pedro Morales 0-0: Ball
1-0: Called Strike
1-1: Foul Ball, location: 2F
1-2: Ball
2-2: Strikes out looking
Bottom of the 3rd over - 0 run(s), 0 hit(s), 0 error(s), 0 left on base; Vancouver 1 - Atlanta 0
TOP OF THE 4TH
Vancouver Grey Wolves batting - Pitching for Atlanta Smoke : RHP Adrián Fierro
Batting: LHB Min-heui Im 0-0: Ball
1-0: Ball
2-0: Called Strike
2-1: Ball
3-1: SINGLE (Line Drive, 4D)
Batting: SHB Gregg Wagner 0-0: Ball
1-0: Fly out, F4 (Line Drive, 4)
Batting: LHB Emílio Barbán 0-0: Ball
1-0: Ground out 5-3 (Groundball, 56S)
Min-heui Im to second
Batting: RHB Tony Farquharson 0-0: Foul Ball, location: 2F
0-1: Swinging Strike
0-2: Ball
1-2: Foul Ball, location: 2F
1-2: Strikes out swinging
Top of the 4th over - 0 run(s), 1 hit(s), 0 error(s), 1 left on base; Vancouver 1 - Atlanta 0
BOTTOM OF THE 4TH
Atlanta Smoke batting - Pitching for Vancouver Grey Wolves : RHP Nelle Liefting
Batting: LHB Albert Morán 0-0: Ball
1-0: Called Strike
1-1: Foul Ball, location: 2F
1-2: Foul Ball, location: 2F
1-2: Ball
2-2: SINGLE (Groundball, 4MD)
Batting: LHB Ned Durand 0-0: DOUBLE (Groundball, 3L)
Albert Morán to third
Batting: RHB Pancho Salaedo 0-0: Swinging Strike
0-1: Swinging Strike
0-2: Strikes out looking
Batting: LHB Armando Esparza 0-0: Ball
1-0: Swinging Strike
1-1: Swinging Strike
1-2: Strikes out swinging
Batting: LHB Willis Baker 0-0: Called Strike
0-1: Ball
1-1: Ball
2-1: Foul Ball, location: 2F
2-2: Strikes out swinging
Bottom of the 4th over - 0 run(s), 2 hit(s), 0 error(s), 2 left on base; Vancouver 1 - Atlanta 0
TOP OF THE 5TH
Vancouver Grey Wolves batting - Pitching for Atlanta Smoke : RHP Adrián Fierro
Batting: RHB Danny Walsh 0-0: Called Strike
0-1: Ball
1-1: Foul Ball, location: 2F
1-2: Foul Ball, location: 2F
1-2: Ball
2-2: Ground out 6-3 (Groundball, 6M)
Batting: RHB Alfredo Méndez 0-0: Foul Ball, location: 2F
0-1: Fly out, F7 (Flyball, 78D)
Batting: LHB David Hubbard 0-0: Swinging Strike
0-1: Ball
1-1: Foul Ball, location: 2F
1-2: Ball
2-2: SINGLE (Line Drive, 34)
Batting: LHB José Alonso 0-0: Fielders Choice at 2nd, 6-4 (Groundball, 6)
Top of the 5th over - 0 run(s), 1 hit(s), 0 error(s), 0 left on base; Vancouver 1 - Atlanta 0
BOTTOM OF THE 5TH
Atlanta Smoke batting - Pitching for Vancouver Grey Wolves : RHP Nelle Liefting
Batting: RHB Bartolo Morales 0-0: Ball
1-0: Fly out, F7 (Line Drive, 78M)
Batting: RHB Jack Weber 0-0: Ball
1-0: Ball
2-0: Called Strike
2-1: Foul Ball, location: 2F
2-2: Ball
3-2: Strikes out swinging
Batting: LHB Bernardo Elías 0-0: Ball
1-0: Ball
2-0: Called Strike
2-1: Ball
3-1: Base on Balls
Batting: RHB Pedro Morales 0-0: Ball
1-0: Ground out 6-3 (Groundball, 6S)
Bottom of the 5th over - 0 run(s), 0 hit(s), 0 error(s), 1 left on base; Vancouver 1 - Atlanta 0
TOP OF THE 6TH
Vancouver Grey Wolves batting - Pitching for Atlanta Smoke : RHP Adrián Fierro
Batting: LHB Héctor Cortéz 0-0: SINGLE (Line Drive, 3D)
Batting: LHB Min-heui Im 0-0: Ball
1-0: Foul Ball, location: 2F
1-1: Called Strike
1-2: SINGLE (Line Drive, 9LS)
Héctor Cortéz to second
Pinch Runner at 2nd Travis Newsome:
Batting: SHB Gregg Wagner 0-0: Called Strike
0-1: Swinging Strike
0-2: Foul Ball, location: 2F
0-2: Foul Ball, location: 2F
0-2: SINGLE (Line Drive, 6M)
Travis Newsome to third
Min-heui Im to second
Batting: LHB Emílio Barbán 0-0: Ball
1-0: Called Strike
1-1: Foul Ball, location: 2F
1-2: Ground out 4-3 (Groundball, 4S)
Travis Newsome scores
Min-heui Im to third
Gregg Wagner to second
Batting: RHB Tony Farquharson 0-0: Ball
1-0: Foul Ball, location: 2F
1-1: Foul Ball, location: 2F
1-2: Ground out 5-3 (Groundball, 56)
Min-heui Im scores
Batting: RHB Danny Walsh 0-0: Swinging Strike
0-1: Fly out, F8 (Flyball, 89M)
Top of the 6th over - 2 run(s), 3 hit(s), 0 error(s), 1 left on base; Vancouver 3 - Atlanta 0
BOTTOM OF THE 6TH
Atlanta Smoke batting - Pitching for Vancouver Grey Wolves : RHP Nelle Liefting
Now at 1B: Travis Newsome
Batting: LHB Albert Morán 0-0: Ball
1-0: Ball
2-0: Ground out U3 (Groundball, 3L)
Batting: LHB Ned Durand 0-0: Called Strike
0-1: Ground out 4-3 (Groundball, 4S)
Batting: RHB Pancho Salaedo 0-0: Ball
1-0: Ball
2-0: Ground out 6-3 (Groundball, 6)
Bottom of the 6th over - 0 run(s), 0 hit(s), 0 error(s), 0 left on base; Vancouver 3 - Atlanta 0
TOP OF THE 7TH
Vancouver Grey Wolves batting - Pitching for Atlanta Smoke : RHP Adrián Fierro
Batting: RHB Alfredo Méndez 0-0: Foul Ball, location: 2F
0-1: Called Strike
0-2: Fly out, F9 (Flyball, 89M)
Batting: LHB David Hubbard 0-0: Foul Ball, location: 2F
0-1: Ground out U3 (Groundball, 3)
Batting: LHB José Alonso 0-0: Ball
1-0: Called Strike
1-1: Ball
2-1: Swinging Strike
2-2: SINGLE (Groundball, 56D)
Pitching: RHP Fred Pitts
Batting: RHB Travis Newsome 0-0: Ball
1-0: Ball
2-0: Ball
3-0: Called Strike
3-1: Fly out, F8 (Flyball, 8LS)
Top of the 7th over - 0 run(s), 1 hit(s), 0 error(s), 1 left on base; Vancouver 3 - Atlanta 0
BOTTOM OF THE 7TH
Atlanta Smoke batting - Pitching for Vancouver Grey Wolves : RHP Nelle Liefting
Batting: LHB Armando Esparza 0-0: Ball
1-0: Called Strike
1-1: Ball
2-1: Ball
3-1: Base on Balls
Batting: LHB Willis Baker 0-0: Ground out 4-3 (Groundball, 34)
Armando Esparza to second
Batting: RHB Bartolo Morales 0-0: Ball
1-0: Foul Ball, location: 2F
1-1: Ground out 5-3 (Groundball, 56)
Batting: RHB Jack Weber 0-0: Fly out, F8 (Flyball, 8LM)
Bottom of the 7th over - 0 run(s), 0 hit(s), 0 error(s), 1 left on base; Vancouver 3 - Atlanta 0
TOP OF THE 8TH
Vancouver Grey Wolves batting - Pitching for Atlanta Smoke : RHP Fred Pitts
Batting: LHB Min-heui Im 0-0: Ball
1-0: Ball
2-0: Foul Ball, location: 2F
2-1: SINGLE (Flyball, 4MD)
Batting: SHB Gregg Wagner 0-0: Foul Ball, location: 2F
0-1: Foul Ball, location: 2F
0-2: Grounds into double play, 5-4-3 (Groundball, 5L)
Batting: LHB Emílio Barbán 0-0: Called Strike
0-1: Called Strike
0-2: Ball
1-2: Fly out, F8 (Flyball, 8LM)
Top of the 8th over - 0 run(s), 1 hit(s), 0 error(s), 0 left on base; Vancouver 3 - Atlanta 0
BOTTOM OF THE 8TH
Atlanta Smoke batting - Pitching for Vancouver Grey Wolves : RHP Nelle Liefting
Batting: LHB Bernardo Elías 0-0: Called Strike
0-1: Foul Ball, location: 2F
0-2: Strikes out looking
Batting: RHB Pedro Morales 0-0: Ball
1-0: Ball
2-0: SOLO HOME RUN (Flyball, 9D), Distance : 396 ft
Pitching: LHP Kevin Woods
Batting: LHB Albert Morán 0-0: Called Strike
0-1: Called Strike
0-2: Ball
1-2: Foul Ball, location: 2F
1-2: SINGLE (Groundball, 4D)
Batting: LHB Ned Durand 0-0: Ball
1-0: Foul Ball, location: 2F
1-1: Swinging Strike
1-2: Foul Ball, location: 2F
1-2: Strikes out looking
Pitching: RHP Roderick Rhodes
Batting: RHB Pancho Salaedo 0-0: Ball
1-0: Fielders Choice at 2nd, 5-4 (Groundball, 5L)
Bottom of the 8th over - 1 run(s), 2 hit(s), 0 error(s), 0 left on base; Vancouver 3 - Atlanta 1
TOP OF THE 9TH
Vancouver Grey Wolves batting - Pitching for Atlanta Smoke : RHP Fred Pitts
Batting: RHB Tony Farquharson 0-0: Ball
1-0: Called Strike
1-1: SINGLE (Line Drive, 6MD)
Batting: RHB Danny Walsh 0-0: Called Strike
0-1: Ball
1-1: Foul Ball, location: 2F
1-2: Ball
2-2: Strikes out swinging
Batting: RHB Alfredo Méndez 0-0: Foul Ball, location: 2F
0-1: Ball
1-1: SINGLE (Groundball, 34D)
Tony Farquharson to second
Runner from 2nd tries for 3rd, SAFE, throw made to third
Pitching: RHP Iván García
Batting: LHB David Hubbard 0-0: Foul Ball, location: 2F
0-1: Ball
1-1: Foul Ball, location: 2F
1-2: Ball
2-2: Fly out, F9 (Flyball, 9LM)
Batting: LHB José Alonso 0-0: Called Strike
0-1: Called Strike
0-2: Foul Ball, location: 2F
0-2: Ball
1-2: Ball
2-2: Ball
Wild Pitch!
Tony Farquharson scores
Alfredo Méndez to second
3-2: Fly out, F9 (Flyball, 89M)
Top of the 9th over - 1 run(s), 2 hit(s), 0 error(s), 1 left on base; Vancouver 4 - Atlanta 1
BOTTOM OF THE 9TH
Atlanta Smoke batting - Pitching for Vancouver Grey Wolves : RHP Roderick Rhodes
Pitching: RHP David Hudson
Batting: LHB Armando Esparza 0-0: Ball
1-0: Ball
2-0: Ball
3-0: Base on Balls
Batting: LHB Willis Baker 0-0: Ball
1-0: Foul Ball, location: 2F
1-1: Swinging Strike
1-2: Ball
2-2: Strikes out swinging
Batting: RHB Bartolo Morales 0-0: Ball
1-0: Called Strike
1-1: Foul Ball, location: 2F
1-2: Ball
2-2: Foul Ball, location: 2F
2-2: Ball
3-2: Fly out, F9 (Flyball, 9D)
Batting: RHB Jack Weber 0-0: Foul Ball, location: 2F
0-1: Called Strike
0-2: Ball
1-2: Strikes out swinging
Bottom of the 9th over - 0 run(s), 0 hit(s), 0 error(s), 1 left on base; Vancouver 4 - Atlanta 1
Friday, December 30th, 2016 - OOTP Baseball 17.12 Build 75